 Dungeon Crawl Stone Soup version 0.25-b1-37-g2669288c55 (webtiles) character file.

Game seed: 6220765779366156957

6962 Masnef the Grappler (level 10, -2/88 HPs)
             Began as a Troll Fighter on June 4, 2020.
             Was a High Priest of Cheibriados.
             Killed from afar by an orc wizard (10 damage)
             ... with a magic dart
             ... on level 9 of the Dungeon.
             The game lasted 00:14:31 (5980 turns).

Masnef the Grappler (Troll Fighter)                 Turns: 5980, Time: 00:14:32

Health: -2/88      AC: 11    Str: 40    XL:     10   Next: 81%
Magic:  9/11       EV: 14    Int: 15    God:    Cheibriados [*****.]
Gold:   617        SH: 12    Dex: 26    Spells: 9/9 levels left

rFire    . . .     SeeInvis .     - Unarmed
rCold    . . .     Gourm    +   b - +0 kite shield
rNeg     . . .     Faith    +   a - +0 robe
rPois    .         Spirit   .   (helmet restricted)
rElec    .         Reflect  .   K - +0 cloak
rCorr    .         Harm     .   (gloves unavailable)
MR       .....                  (boots unavailable)
Stlth    ++........             D - amulet of faith
HPRegen  0.64/turn              M - +6 ring of dexterity
MPRegen  0.12/turn              l - +4 ring of protection

@: mighty, very slow
A: large, unfitting armour, claws 3, fast metabolism 3, gourmand, regeneration
1, shaggy fur 1, tough skin 3
a: Bend Time, Temporal Distortion, Slouch, Step From Time, Renounce Religion


You were on level 9 of the Dungeon.
You worshipped Cheibriados.
Cheibriados was extremely pleased with you.
You were completely stuffed.

You visited 1 branch of the dungeon, and saw 9 of its levels.

You collected 722 gold pieces.
You spent 105 gold pieces at shops.

Inventory:

Hand Weapons
 m - the +3 hand crossbow of Demand {freeze, Dex+2}
   (You found it on level 4 of the Dungeon)

   It causes projectiles fired from it to freeze those they strike, causing
   extra injury to most foes and up to half again as much damage against
   particularly susceptible opponents.
   They can also slow down cold-blooded creatures.
   It affects your dexterity (+2).
Armour
 a - a +0 robe (worn)
 b - a +0 kite shield (worn)
 K - a +0 cloak (worn)
 O - a scarf of invisibility
Jewellery
 j - an uncursed ring of stealth
 l - a +4 ring of protection (right claw)
 n - an uncursed amulet of reflection
 D - an amulet of faith (around neck)
 F - a +6 ring of intelligence
 I - an uncursed ring of fire
 M - a +6 ring of dexterity (left claw)
Wands
 y - a wand of iceblast (6)
 H - a wand of digging (5)
 J - a wand of flame (11)
 P - a wand of disintegration (5)
 Q - a wand of acid (5)
Scrolls
 f - a scroll of identify
 g - 3 scrolls of enchant weapon
 h - 2 scrolls of amnesia {unknown}
 i - a scroll of random uselessness {unknown}
 k - 7 scrolls of teleportation {unknown}
 o - 3 scrolls of blinking
 p - 2 scrolls of magic mapping {unknown}
 q - 2 scrolls of noise {unknown}
 t - 6 scrolls of remove curse {unknown}
 w - 4 scrolls of immolation {unknown}
 A - a scroll of torment {unknown}
 E - a scroll of silence {unknown}
 N - a scroll of summoning
 S - a scroll of fear {unknown}
Potions
 c - a potion of might
 e - 2 potions of curing
 r - 2 potions of stabbing
 s - a potion of resistance
 u - 2 potions of flight
 v - 2 potions of heal wounds
 x - a potion of ambrosia
 z - a potion of degeneration
 B - a potion of mutation
 C - a potion of lignification
 G - a potion of haste
 L - 3 potions of brilliance
Comestibles
 d - 16 rations
 R - 9 chunks of flesh


   Skills:
 - Level 2.4 Fighting
 * Level 6.6 Dodging
 * Level 3.6 Shields
 + Level 13.7 Unarmed Combat
 * Level 2.9 Invocations


You had 9 spell levels left.
You didn't know any spells.
Your spell library was empty.

Dungeon Overview and Level Annotations

Branches:
Dungeon (9/15)             Temple (0/1) D:4            Lair (0/6) D:8
    Orc: D:9-12

Altars:
Ashenzari
Cheibriados
Dithmenos
Elyvilon
Fedhas
Kikubaaqudgha
Makhleb
Okawaru
Vehumet

Shops:
D:8 *


Innate Abilities, Weirdness & Mutations

You are too large for most types of armour.
You have claws for hands.
Your metabolism is lightning-fast.
You like to eat raw meat.
Your natural rate of healing is unusually fast.
You are covered in fur. (AC +1)
You have extremely tough skin. (AC +3)


Message History

You kill the orc warrior!
Cheibriados appreciates the change of pace.
You block the orc priest's attack.
A magic dart appears from out of thin air!
The magic dart hits you.
* * * LOW HITPOINT WARNING * * *
Your shield prevents you from hitting the orc priest.
The bullfrog skeleton barely misses you.
You block the orc priest's attack.
You barely miss the orc priest.
The bullfrog skeleton hits you but does no damage.
The orc priest misses you.
You mangle the orc priest!!
You kill the orc priest!
Cheibriados thoroughly appreciates the change of pace.
You block the bullfrog skeleton's attack.
You hear some strange, mumbled words.
A magic dart appears from out of thin air!
The magic dart hits you!
You die...

#.......##..
.......
#.......###.#
##......
#.......# .#
#..####
#.......# .#
##. #
#.†.....# .#
. #..)).(.#
.. ###)#..##
#.#..#
#.#.@###
#.#Z){.#
#.#.)..#
#.#....#
#.#...!..
#.#.......
#.#....#....
#.#.......#.
#...(#.o#


You could see a bullfrog skeleton.

Vanquished Creatures
  Erica (D:8)
  Joseph (D:8)
  Maggie (D:6)
  A troll (D:9)
  Grinder (D:4)
  2 hippogriffs
  Sigmund (D:5)
  Eustachio (D:5)
  Grum (D:9)
  A water moccasin (D:9)
  Duvessa (D:6)
  5 orc warriors
  A black bear (D:9)
  2 phantoms
  A sky beast (D:7)
  3 ice beasts (D:7)
  A necrophage (D:9)
  3 ogres
  2 wolves (D:9)
  4 centaurs
  5 bullfrogs
  A big kobold (D:8)
  2 wyvern skeletons
  3 scorpions
  Dowan (D:6)
  3 killer bees (D:8)
  3 howler monkeys
  3 crimson imps
  3 bullfrog skeletons
  7 orc priests
  5 hounds
  3 jellies
  A gnoll shaman (D:5)
  12 orc wizards
  2 centaur skeletons
  4 worker ants
  A hound zombie (D:9)
  3 hound skeletons
  2 howler monkey zombies
  4 gnolls (D:5)
  8 adders
  2 shadow imps
  3 oozes
  2 adder skeletons
  3 worms
  4 dart slugs
  4 leopard geckos
  30 orcs
  5 giant cockroaches
  6 goblins
  4 hobgoblins
  4 jackals
  2 quokkas
  2 ball pythons
  6 bats
  5 frilled lizards
  8 kobolds
  5 rats
205 creatures vanquished.

Vanquished Creatures (others)
  An orc wizard (D:8)
1 creature vanquished.

Grand Total: 206 creatures vanquished

Notes
Turn   | Place    | Note
-------+----------+-------------------------------------------
     0 | D:1      | Masnef the Troll Fighter began the quest for the Orb.
     0 | D:1      | Reached XP level 1. HP: 22/22 MP: 0/0
   142 | D:1      | Reached XP level 2. HP: 29/29 MP: 1/1
   364 | D:1      | Reached skill level 3 in Unarmed Combat
   647 | D:2      | Found a burning altar of Makhleb.
   670 | D:2      | Found a white marble altar of Elyvilon.
   736 | D:2      | Reached XP level 3. HP: 26/36 MP: 2/2
   903 | D:2      | Found a radiant altar of Vehumet.
   999 | D:2      | Reached skill level 4 in Unarmed Combat
  1416 | D:3      | Reached XP level 4. HP: 44/44 MP: 3/3
  1472 | D:3      | Found a shattered altar of Ashenzari.
  1639 | D:3      | Found a snail-covered altar of Cheibriados.
  1654 | D:3      | Became a worshipper of Cheibriados the Contemplative
  2058 | D:4      | Noticed an ogre
  2069 | D:4      | Killed an ogre
  2069 | D:4      | Reached skill level 5 in Unarmed Combat
  2069 | D:4      | Reached XP level 5. HP: 15/50 MP: 4/4
  2164 | D:4      | Reached skill level 6 in Unarmed Combat
  2179 | D:4      | Got a faintly glowing hand crossbow
  2180 | D:4      | Noticed a phantom
  2181 | D:4      | Identified the +3 hand crossbow of Demand {freeze, Dex+2}
                  | (You found it on level 4 of the Dungeon)
  2198 | D:4      | Killed a phantom
  2198 | D:4      | Reached XP level 6. HP: 56/59 MP: 5/5
  2334 | D:4      | Reached skill level 7 in Unarmed Combat
  2352 | D:4      | Noticed Grinder
  2367 | D:4      | Paralysed by Grinder for 5 turns
  2379 | D:4      | Killed Grinder
  2379 | D:4      | Reached * piety under Cheibriados
  2379 | D:4      | Reached XP level 7. HP: 15/66 MP: 6/6
  2558 | D:4      | Reached skill level 8 in Unarmed Combat
  2576 | D:4      | HP: 2/66 [orc priest/divine providence (13)]
  2736 | D:4      | Found a staircase to the Ecumenical Temple.
  2900 | D:5      | Entered Level 5 of the Dungeon
  2958 | D:5      | Reached skill level 9 in Unarmed Combat
  3006 | D:5      | Found an ancient bone altar of Kikubaaqudgha.
  3006 | D:5      | Found an iron altar of Okawaru.
  3056 | D:5      | Reached XP level 8. HP: 73/74 MP: 7/7
  3387 | D:5      | Noticed Eustachio
  3406 | D:5      | Killed Eustachio
  3406 | D:5      | Reached ** piety under Cheibriados
  3406 | D:5      | Reached skill level 10 in Unarmed Combat
  3428 | D:5      | Noticed Sigmund
  3435 | D:5      | Killed Sigmund
  3873 | D:6      | Noticed Dowan
  3876 | D:6      | Killed Dowan
  3876 | D:6      | Noticed Duvessa
  3883 | D:6      | Killed Duvessa
  3883 | D:6      | Reached skill level 11 in Unarmed Combat
  3926 | D:6      | Noticed Maggie
  3937 | D:6      | Killed Maggie
  3937 | D:6      | Reached XP level 9. HP: 68/80 MP: 8/8
  4243 | D:7      | Reached skill level 12 in Unarmed Combat
  4271 | D:7      | Reached *** piety under Cheibriados
  4320 | D:7      | Reached skill level 5 in Dodging
  4679 | D:8      | Found Ropsydow's General Store.
  4682 | D:8      | Noticed Joseph
  4698 | D:8      | Killed Joseph
  4698 | D:8      | Reached skill level 1 in Invocations
  4698 | D:8      | Reached XP level 10. HP: 8/88 MP: 9/9
  4833 | D:8      | Bought a scroll of blinking for 105 gold pieces
  4876 | D:8      | Found a blossoming altar of Fedhas.
  4955 | D:8      | Reached **** piety under Cheibriados
  4978 | D:8      | Found a shadowy altar of Dithmenos.
  5072 | D:8      | Found a staircase to the Lair.
  5080 | D:8      | Noticed Erica
  5090 | D:8      | Killed Erica
  5090 | D:8      | Reached skill level 13 in Unarmed Combat
  5633 | D:9      | Noticed Grum
  5643 | D:9      | Killed Grum
  5708 | D:9      | Reached ***** piety under Cheibriados
  5952 | D:9      | HP: 4/88 [orc priest/divine providence (10)]
  5972 | D:9      | HP: 4/88 [orc warrior/+0 battleaxe (24)]
  5980 | D:9      | Killed from afar by an orc wizard

Illustrated notes

Levels and vault maps discovered:
D:1:      minmay_arrival_shattered_statue, layout_loops_cross
D:2:      layout_loops_ring, old_standard_altar, grunt_temple_overflow_open,
          first_ration, kennysheep_generic_room_10
D:3:      layout_basic, lemuel_round_altar, kennysheep_slug_shrine
D:4:      minmay_general_purpose_star, layout_basic, temple_statues,
          uniq_grinder
D:5:      layout_loops_ring, gammafunk_temple_overflow_wave, uniq_eustachio,
          uniq_sigmund
D:6:      cheibrodos_quashed, layout_cave_pools, uniq_duvessa, uniq_maggie
D:7:      layout_rooms
D:8:      layout_basic, marbit_many_paths, kennysheep_mini_moat,
          dpeg_oklobed_lair, serial_shops, shop, uniq_joseph, uniq_erica
D:9:      layout_rooms, david_orc_4, uniq_grum

Skill      XL: |  1  2  3  4  5  6  7  8  9 10 |
---------------+-------------------------------+-----
Unarmed Combat | 3 4 5 6 7 9 11 12 13 | 13.7
Dodging        | 4 5 6 |  6.6
Invocations    | 1 2 |  2.9
Shields        | 3 |  3.6
Fighting       | |  2.4

Action                   |  1- 3 |  4- 6 |  7- 9 | 10-12 || total
-------------------------+-------+-------+-------+-------++-------
Melee: Unarmed           |    98 |    88 |   231 |   155 ||   572
Invok: Temporal Distorti |       |       |       |     2 ||     2
  Use: Potion            |       |     4 |       |     4 ||     8
       Scroll            |       |       |       |    11 ||    11
 Stab: Sleeping          |       |     3 |     4 |     4 ||    11
  Eat: Chunk             |    18 |    10 |    14 |     8 ||    50
Armor: Robe              |    33 |    22 |    51 |    29 ||   135
Dodge: Dodged            |    27 |    12 |    51 |    62 ||   152
Block: Kite shield       |    35 |    48 |   151 |    86 ||   320
       Reflection        |     2 |     3 |     3 |       ||     8
